| TOP OF THE 1ST |
|
Salinas Fire Frogs batting - Pitching for Bakersfield Bears : RHP Steve Walker
|
|
Pitching: RHP Steve Walker
|
|
|
Batting: RHB Bobby Morin
|
0-0: Ball 1-0: Called Strike 1-1: Ball 2-1: Called Strike 2-2: Fly out, F6 (Popup, 4M, EV 51.3 MPH)
|
|
Batting: LHB Charles McGehee
|
0-0: SINGLE (Groundball, 3D, EV 96.9 MPH)
|
|
Batting: RHB Kevin Mitchell
|
0-0: Called Strike 0-1: Called Strike 0-2: Fly out, F8 (Line Drive, 8RD, EV 88.8 MPH)
|
|
Batting: RHB Bruce Morrison
|
0-0: Ball Charles McGehee is caught stealing 2nd base 2-4
|
| Top of the 1st over - 0 runs, 1 hit, 0 errors, 0 left on base; Salinas 0 - Bakersfield 0 |
| BOTTOM OF THE 1ST |
|
Bakersfield Bears batting - Pitching for Salinas Fire Frogs : RHP Francis Reilly
|
|
Pitching: RHP Francis Reilly
|
|
|
Batting: LHB Kevin Waller
|
0-0: Ball 1-0: Ball 2-0: Ground out 4-3 (Groundball, 34D, EV 103.8 MPH)
|
|
Batting: RHB Antonio Alicea
|
0-0: Ball 1-0: Ball 2-0: Ground out 4-3 (Groundball, 4M, EV 87.5 MPH)
|
|
Batting: RHB Randy Kutcher
|
0-0: Called Strike 0-1: Ball 1-1: Swinging Strike 1-2: Ball 2-2: Ball 3-2: Ground out 5-3 (Groundball, 5, EV 88.8 MPH)
|
| Bottom of the 1st over - 0 runs, 0 hits, 0 errors, 0 left on base; Salinas 0 - Bakersfield 0 |
| TOP OF THE 2ND |
|
Salinas Fire Frogs batting - Pitching for Bakersfield Bears : RHP Steve Walker
|
|
Batting: RHB Bruce Morrison
|
0-0: Ball 1-0: Ball 2-0: Called Strike 2-1: Reached on error, E4 (Groundball, 4, EV 89.4 MPH)
|
|
Batting: LHB Daryl Pitts
|
0-0: Called Strike 0-1: Foul Ball, location: 2F 0-2: Foul Ball, location: 2F 0-2: Ball 1-2: Ball 2-2: Foul Ball, location: 2F 2-2: SINGLE (Flyball, 78S, EV 89.4 MPH) Bruce Morrison to second
|
|
Batting: LHB Raymond Smith
|
0-0: Ball 1-0: Ball 2-0: Ball 3-0: Base on Balls Bruce Morrison to third Daryl Pitts to second
|
|
Batting: SHB Terry Raley
|
0-0: Fly out, F9 (Flyball, 89S, EV 81.9 MPH)
|
|
Batting: RHB Timothy Hume
|
0-0: Ball 1-0: Called Strike 1-1: Foul Ball, location: 2F 1-2: Ball 2-2: Ball 3-2: Grounds into double play, 6-4-3 (Groundball, 6, EV 111.3 MPH)
|
| Top of the 2nd over - 0 runs, 1 hit, 1 error, 2 left on base; Salinas 0 - Bakersfield 0 |
| BOTTOM OF THE 2ND |
|
Bakersfield Bears batting - Pitching for Salinas Fire Frogs : RHP Francis Reilly
|
|
Batting: LHB Gregory DeLaune
|
0-0: Ball 1-0: Fly out, F4 (Popup, 3S, EV 84.4 MPH)
|
|
Batting: LHB Danny Hernandez
|
0-0: Ball 1-0: Swinging Strike 1-1: SINGLE (Flyball, 89S, EV 93.1 MPH)
|
|
Batting: RHB Trey Brooks
|
0-0: Ball 1-0: Foul Ball, location: 2F 1-1: Fly out, F4 (Popup, 34, EV 73.1 MPH)
|
|
Batting: RHB Preston Williams
|
0-0: Foul Ball, location: 2F 0-1: Ball 1-1: Ball 2-1: Ball 3-1: Foul Ball, location: 2F 3-2: Base on Balls Danny Hernandez to second
|
|
Batting: RHB Steven Houlberg
|
0-0: Ball 1-0: Ball 2-0: SINGLE (Line Drive, 8LS, EV 105.0 MPH) Danny Hernandez to third Preston Williams to second
|
|
Batting: RHB Aaron Cain
|
0-0: Called Strike 0-1: Ball 1-1: Foul Ball, location: 2F 1-2: Ball 2-2: Fly out, F8 (Flyball, 8LM, EV 86.9 MPH)
|
| Bottom of the 2nd over - 0 runs, 2 hits, 0 errors, 3 left on base; Salinas 0 - Bakersfield 0 |
| TOP OF THE 3RD |
|
Salinas Fire Frogs batting - Pitching for Bakersfield Bears : RHP Steve Walker
|
|
Batting: RHB Richard Gonzalez
|
0-0: Ball 1-0: Called Strike 1-1: Ball 2-1: Foul Ball, location: 2F 2-2: Ground out 5-3 (Groundball, 56S, EV 92.5 MPH)
|
|
Batting: RHB Bobby Morin
|
0-0: Fly out, F9 (Flyball, 89M, EV 91.9 MPH)
|
|
Batting: LHB Charles McGehee
|
0-0: Ground out 4-3 (Groundball, 13, EV 85.0 MPH)
|
| Top of the 3rd over - 0 runs, 0 hits, 0 errors, 0 left on base; Salinas 0 - Bakersfield 0 |
| BOTTOM OF THE 3RD |
|
Bakersfield Bears batting - Pitching for Salinas Fire Frogs : RHP Francis Reilly
|
|
Batting: LHB Kevin Waller
|
0-0: Called Strike 0-1: Ball 1-1: Foul Ball, location: 2F 1-2: Ground out 3-1 (Groundball, 34S, EV 61.3 MPH)
|
|
Batting: RHB Antonio Alicea
|
0-0: Ball 1-0: Ball 2-0: Called Strike 2-1: Called Strike 2-2: Ground out 4-3 (Groundball, 4S, EV 69.4 MPH)
|
|
Batting: RHB Randy Kutcher
|
0-0: Called Strike 0-1: Ball 1-1: Ball 2-1: Ground out 6-3 (Groundball, 6, EV 110.6 MPH)
|
| Bottom of the 3rd over - 0 runs, 0 hits, 0 errors, 0 left on base; Salinas 0 - Bakersfield 0 |
| TOP OF THE 4TH |
|
Salinas Fire Frogs batting - Pitching for Bakersfield Bears : RHP Steve Walker
|
|
Batting: RHB Kevin Mitchell
|
0-0: Called Strike 0-1: Called Strike 0-2: Ball 1-2: Ball 2-2: SINGLE (Groundball, 34S, EV 70.0 MPH) (infield hit)
|
|
Batting: RHB Bruce Morrison
|
0-0: Ball 1-0: SINGLE (Line Drive, 6MD, EV 94.4 MPH) Kevin Mitchell to second
|
|
Batting: LHB Daryl Pitts
|
0-0: Swinging Strike 0-1: Ball 1-1: Ball 2-1: Ball 3-1: Fly out, F7 (Flyball, 78D, EV 96.9 MPH) Runner from 2nd tags up, SAFE at 3rd with throw by LF
|
|
Batting: LHB Raymond Smith
|
0-0: Ball 1-0: Called Strike 1-1: Foul Ball, location: 2F 1-2: Ball 2-2: Ball 3-2: DOUBLE (Flyball, 78XD, EV 101.9 MPH) Kevin Mitchell scores Bruce Morrison to third Runner from 3rd tries for Home, SAFE, no throw by LF
|
|
Batting: SHB Terry Raley
|
0-0: Called Strike 0-1: Ground out 6-3 (Groundball, 6, EV 86.9 MPH)
|
|
Batting: RHB Timothy Hume
|
0-0: Swinging Strike 0-1: Swinging Strike Passed Ball! Raymond Smith to third 0-2: Ball 1-2: Strikes out swinging
|
| Top of the 4th over - 2 runs, 3 hits, 0 errors, 1 left on base; Salinas 2 - Bakersfield 0 |
| BOTTOM OF THE 4TH |
|
Bakersfield Bears batting - Pitching for Salinas Fire Frogs : RHP Francis Reilly
|
|
Batting: LHB Gregory DeLaune
|
0-0: Ball 1-0: Foul Ball, location: 2F 1-1: Foul Ball, location: 2F 1-2: Ball 2-2: Ground out 4-3 (Groundball, 4, EV 96.9 MPH)
|
|
Batting: LHB Danny Hernandez
|
0-0: Foul Ball, location: 2F 0-1: Ball 1-1: Ball 2-1: Ball 3-1: Called Strike 3-2: Base on Balls
|
|
Batting: RHB Trey Brooks
|
0-0: Ball 1-0: Swinging Strike 1-1: Ground out 6-3 (Groundball, 6, EV 106.9 MPH) Danny Hernandez to second
|
|
Batting: RHB Preston Williams
|
0-0: Ball 1-0: Ball 2-0: Called Strike 2-1: Foul Ball, location: 2F 2-2: Ball 3-2: SINGLE (Flyball, 4D, EV 91.3 MPH) Danny Hernandez to third Danny Hernandez scores
|
|
Batting: RHB Steven Houlberg
|
0-0: Called Strike 0-1: Ball 1-1: Called Strike 1-2: Foul Ball, location: 2F 1-2: Fly out, F9 (Flyball, 9LD, EV 91.3 MPH)
|
| Bottom of the 4th over - 1 run, 1 hit, 0 errors, 1 left on base; Salinas 2 - Bakersfield 1 |
| TOP OF THE 5TH |
|
Salinas Fire Frogs batting - Pitching for Bakersfield Bears : RHP Steve Walker
|
|
Batting: RHB Richard Gonzalez
|
0-0: Swinging Strike 0-1: Ball 1-1: Foul Ball, location: 2F 1-2: Ball 2-2: Ball 3-2: Strikes out looking
|
|
Batting: RHB Bobby Morin
|
0-0: Ground out 6-3 (Groundball, 6M, EV 106.9 MPH)
|
|
Batting: LHB Charles McGehee
|
0-0: Ball 1-0: Ground out 4-3 (Groundball, 4, EV 81.9 MPH)
|
| Top of the 5th over - 0 runs, 0 hits, 0 errors, 0 left on base; Salinas 2 - Bakersfield 1 |
| BOTTOM OF THE 5TH |
|
Bakersfield Bears batting - Pitching for Salinas Fire Frogs : RHP Francis Reilly
|
|
Batting: RHB Aaron Cain
|
0-0: Ball 1-0: Called Strike 1-1: Ball 2-1: Ball 3-1: Base on Balls
|
|
Batting: LHB Kevin Waller
|
0-0: Ball 1-0: Ball 2-0: Called Strike 2-1: Ball 3-1: Foul Ball, location: 2F 3-2: Base on Balls Aaron Cain to second
|
|
Batting: RHB Antonio Alicea
|
0-0: Sac Bunt to 15 - play at first, batter OUT! 1-3 Aaron Cain to third Kevin Waller to second
|
|
Batting: RHB Randy Kutcher
|
0-0: Ball 1-0: Swinging Strike 1-1: Swinging Strike 1-2: Ball 2-2: Foul Ball, location: 2F 2-2: Foul Ball, location: 2F 2-2: Fly out, F4 (Popup, 4M, EV 61.3 MPH)
|
|
Batting: LHB Gregory DeLaune
|
0-0: Ball 1-0: Called Strike 1-1: Ball 2-1: Ball 3-1: Called Strike 3-2: Foul Ball, location: 2F 3-2: Base on Balls
|
|
Batting: LHB Danny Hernandez
|
0-0: Called Strike 0-1: Ground out 3-1 (Groundball, 34, EV 85.6 MPH)
|
| Bottom of the 5th over - 0 runs, 0 hits, 0 errors, 3 left on base; Salinas 2 - Bakersfield 1 |
| TOP OF THE 6TH |
|
Salinas Fire Frogs batting - Pitching for Bakersfield Bears : RHP Steve Walker
|
|
Batting: RHB Kevin Mitchell
|
0-0: Fly out, F8 (Flyball, 8LS, EV 75.0 MPH)
|
|
Batting: RHB Bruce Morrison
|
0-0: Fly out, F9 (Flyball, 89D, EV 100.0 MPH)
|
|
Batting: LHB Daryl Pitts
|
0-0: Ball 1-0: Called Strike 1-1: Foul Ball, location: 2F 1-2: Strikes out looking
|
| Top of the 6th over - 0 runs, 0 hits, 0 errors, 0 left on base; Salinas 2 - Bakersfield 1 |
| BOTTOM OF THE 6TH |
|
Bakersfield Bears batting - Pitching for Salinas Fire Frogs : RHP Francis Reilly
|
|
Pitching: RHP Thomas Schneider
|
|
|
Batting: RHB Trey Brooks
|
0-0: Ball 1-0: Ball 2-0: Ball 3-0: Called Strike 3-1: Base on Balls
|
|
Batting: RHB Preston Williams
|
0-0: Ball 1-0: Foul Ball, location: 2F 1-1: Ball 2-1: Swinging Strike 2-2: Foul Ball, location: 2F 2-2: SINGLE (Line Drive, 4M, EV 98.1 MPH) Trey Brooks to second
|
|
Batting: RHB Steven Houlberg
|
0-0: Called Strike 0-1: Ball 1-1: Foul Ball, location: 2F 1-2: Foul Ball, location: 2F 1-2: Ball 2-2: SINGLE (Groundball, 4MS, EV 89.4 MPH) (infield hit) Trey Brooks to third Preston Williams to second
|
|
Batting: RHB Aaron Cain
|
0-0: Ball 1-0: Foul Ball, location: 2F 1-1: Ball 2-1: Ball 3-1: Swinging Strike 3-2: Fly out, F6 (Popup, 6S, EV 78.8 MPH)
|
|
Batting: LHB Kevin Waller
|
0-0: Ball 1-0: SINGLE (Groundball, 34, EV 98.8 MPH) Trey Brooks scores Preston Williams to third Steven Houlberg to second
|
|
Batting: RHB Antonio Alicea
|
0-0: Called Strike 0-1: Hit by Pitch Preston Williams scores Steven Houlberg to third Kevin Waller to second
|
|
Batting: RHB Randy Kutcher
|
0-0: Ball 1-0: Ball 2-0: Called Strike 2-1: Ball 3-1: Foul Ball, location: 2F 3-2: Grounds into fielders choice 4-2 (Groundball, 13, EV 86.3 MPH) Kevin Waller to third Antonio Alicea to second
|
|
Batting: LHB Gregory DeLaune
|
0-0: Ball 1-0: Ball 2-0: Called Strike 2-1: Foul Ball, location: 2F 2-2: Ball 3-2: DOUBLE (Line Drive, 89D, EV 111.3 MPH) Kevin Waller scores Antonio Alicea scores Randy Kutcher to third Randy Kutcher scores
|
|
Batting: LHB Danny Hernandez
|
0-0: Intentional Walk
|
|
Pitching: RHP David Wong
|
|
|
Batting: RHB Trey Brooks
|
0-0: Ball 1-0: Swinging Strike 1-1: Ground out 5-3 (Groundball, 56S, EV 84.4 MPH)
|
| Bottom of the 6th over - 5 runs, 4 hits, 0 errors, 2 left on base; Salinas 2 - Bakersfield 6 |
| TOP OF THE 7TH |
|
Salinas Fire Frogs batting - Pitching for Bakersfield Bears : RHP Steve Walker
|
|
Batting: LHB Raymond Smith
|
0-0: Ball 1-0: Foul Ball, location: 2F 1-1: Called Strike 1-2: Strikes out swinging
|
|
Batting: SHB Terry Raley
|
0-0: Foul Ball, location: 2F 0-1: Foul Ball, location: 2F 0-2: Ground out 4-3 (Groundball, 4, EV 77.5 MPH)
|
|
Batting: RHB Timothy Hume
|
0-0: Called Strike 0-1: Swinging Strike 0-2: Foul Ball, location: 2F 0-2: Ball 1-2: Foul Ball, location: 2F 1-2: Ball 2-2: Ball 3-2: Strikes out looking
|
| Top of the 7th over - 0 runs, 0 hits, 0 errors, 0 left on base; Salinas 2 - Bakersfield 6 |
| BOTTOM OF THE 7TH |
|
Bakersfield Bears batting - Pitching for Salinas Fire Frogs : RHP David Wong
|
|
Batting: RHB Preston Williams
|
0-0: Ball 1-0: Ball 2-0: Called Strike 2-1: Ground out 4-3 (Groundball, 4M, EV 108.1 MPH)
|
|
Batting: RHB Steven Houlberg
|
0-0: Foul Ball, location: 2F 0-1: Ball 1-1: SINGLE (Groundball, 6MS, EV 80.6 MPH) (infield hit)
|
|
Batting: RHB Aaron Cain
|
0-0: Ball 1-0: Ball 2-0: Called Strike 2-1: Swinging Strike 2-2: Strikes out looking
|
|
Batting: LHB Kevin Waller
|
0-0: Called Strike 0-1: Ball 1-1: Ball 2-1: Ball Steven Houlberg steals 2nd base 3-1: Intentional Walk
|
|
Pitching: RHP John Bulleri
|
|
|
Batting: RHB Antonio Alicea
|
0-0: Ball 1-0: Foul Ball, location: 2F 1-1: Called Strike 1-2: Ball 2-2: Ball 3-2: Fly out, F8 (Flyball, 78D, EV 108.1 MPH)
|
| Bottom of the 7th over - 0 runs, 1 hit, 0 errors, 2 left on base; Salinas 2 - Bakersfield 6 |
| TOP OF THE 8TH |
|
Salinas Fire Frogs batting - Pitching for Bakersfield Bears : RHP Steve Walker
|
|
Batting: RHB Richard Gonzalez
|
0-0: Called Strike 0-1: Ball 1-1: Swinging Strike 1-2: Strikes out swinging, 2-3 out at first.
|
|
Batting: RHB Bobby Morin
|
0-0: Foul Ball, location: 2F 0-1: Ball 1-1: Called Strike 1-2: Ball 2-2: Foul Ball, location: 2F 2-2: Ball 3-2: Reached on error, E6 (Groundball, 6M, EV 84.4 MPH)
|
|
Batting: LHB Charles McGehee
|
0-0: Fielders Choice at 2nd, 3-6 (Groundball, 3, EV 81.3 MPH)
|
|
Batting: RHB Kevin Mitchell
|
0-0: Ball 1-0: Swinging Strike 1-1: Called Strike 1-2: Ball 2-2: Foul Ball, location: 2F 2-2: Ball 3-2: Foul Ball, location: 2F 3-2: Foul Ball, location: 2F 3-2: Fly out, F9 (Line Drive, 9, EV 93.1 MPH)
|
| Top of the 8th over - 0 runs, 0 hits, 1 error, 1 left on base; Salinas 2 - Bakersfield 6 |
| BOTTOM OF THE 8TH |
|
Bakersfield Bears batting - Pitching for Salinas Fire Frogs : RHP John Bulleri
|
|
Batting: RHB Randy Kutcher
|
0-0: Fly out, F8 (Line Drive, 8RD, EV 102.5 MPH)
|
|
Batting: LHB Gregory DeLaune
|
0-0: Ball 1-0: Called Strike 1-1: Ball 2-1: Ball 3-1: Called Strike 3-2: Strikes out swinging
|
|
Batting: LHB Danny Hernandez
|
0-0: Swinging Strike 0-1: Called Strike 0-2: Foul Ball, location: 2F 0-2: Strikes out swinging
|
| Bottom of the 8th over - 0 runs, 0 hits, 0 errors, 0 left on base; Salinas 2 - Bakersfield 6 |
| TOP OF THE 9TH |
|
Salinas Fire Frogs batting - Pitching for Bakersfield Bears : RHP Steve Walker
|
|
Batting: RHB Bruce Morrison
|
0-0: Ball 1-0: Swinging Strike 1-1: Swinging Strike 1-2: Ball 2-2: Foul Ball, location: 2F 2-2: Foul Ball, location: 2F 2-2: SINGLE (Groundball, 4M, EV 105.0 MPH)
|
|
Batting: LHB Daryl Pitts
|
0-0: Called Strike 0-1: Called Strike 0-2: Ball 1-2: Foul Ball, location: 2F 1-2: Ball 2-2: Strikes out swinging
|
|
Batting: LHB Raymond Smith
|
0-0: Called Strike 0-1: Called Strike 0-2: Foul Ball, location: 2F 0-2: Ball 1-2: Ball 2-2: Grounds into double play, 6-4-3 (Groundball, 6, EV 100.6 MPH)
|
| Top of the 9th over - 0 runs, 1 hit, 0 errors, 0 left on base; Salinas 2 - Bakersfield 6 |
|